 Dungeon Crawl Stone Soup version 0.31-a0-876-gfe8ebadbca (webtiles) character file.

Game seed: 2658447261374972850

10934 BinkBink the Severer (level 11, -3/97 HPs)
             Began as a Minotaur Fighter on Oct 13, 2023.
             Was a High Priest of Okawaru.
             Slain by a white ugly thing (29 damage)
             ... on level 12 of the Dungeon.
             The game lasted 00:14:48 (12118 turns).

BinkBink the Severer (Minotaur Fighter)            Turns: 12118, Time: 00:14:50

Health: -3/97      AC: 18    Str: 25    XL:     11   Next: 42%
Magic:  0/10       EV:  6    Int:  5    God:    Okawaru [*****.]
Gold:   519        SH: 10    Dex: 10    Spells: 10/10 levels left

rFire   . . .        o - +1 war axe (elec)
rCold   . . .        F - +0 kite shield
rNeg    . . .        q - +0 plate armour
rPois   .            (helmet restricted)
rElec   .            M - +0 cloak
rCorr   .            D - +0 pair of gloves
SInv    .            C - +0 pair of boots
Will    .....        B - amulet of guardian spirit Stlth
                     (no ring)
HPRegen 0.36/turn    (no ring)
MPRegen 0.12/turn

%: guardian spirit
@: no status effects
A: horns 2, retaliatory headbutt
a: Renounce Religion, Heroism, Finesse, Duel


You were on level 12 of the Dungeon.
You worshipped Okawaru.
Okawaru was extremely pleased with you.
You visited 2 branches of the dungeon, and saw 13 of its levels.
You visited the Abyss 1 time.

You collected 519 gold pieces.

Inventory:

Hand Weapons
 o - a +1 war axe of electrocution (weapon)
Missiles
 K - 2 silver javelins
Armour
 q - a +0 plate armour (worn)
 C - a +0 pair of boots (worn)
 D - a +0 pair of gloves (worn)
 F - a +0 kite shield (worn)
 M - a +0 cloak (worn)
Jewellery
 f - a ring of fire
 w - an amulet of magic regeneration
 B - an amulet of guardian spirit (around neck)
 N - a ring of protection from cold
Wands
 c - a wand of flame (36)
 E - a wand of paralysis (7)
 H - a wand of roots (17)
Scrolls
 b - 3 scrolls of revelation {unknown}
 e - 3 scrolls of noise {unknown}
 g - 9 scrolls of identify {unknown}
 h - 2 scrolls of fog {unknown}
 i - 2 scrolls of silence {unknown}
 j - a scroll of immolation {unknown}
 l - 3 scrolls of enchant weapon {unknown}
 n - a scroll of acquirement {unknown}
 r - 2 scrolls of poison {unknown}
 t - 2 scrolls of torment {unknown}
 u - 3 scrolls of amnesia {unknown}
 v - 4 scrolls of vulnerability {unknown}
 x - a scroll of blinking {unknown}
 y - 4 scrolls of teleportation {unknown}
 G - a scroll of butterflies {unknown}
 I - 2 scrolls of brand weapon {unknown}
Potions
 a - a potion of enlightenment {unknown}
 d - a potion of might
 k - a potion of cancellation
 m - 2 potions of curing
 p - a potion of magic {unknown}
 s - 2 potions of berserk rage {unknown}
 z - a potion of lignification {unknown}
 A - a potion of resistance {unknown}
 J - 2 potions of brilliance
 L - 2 potions of heal wounds {unknown}


   Skills:
 + Level 9.3 Fighting
 - Level 16.0 Axes
 + Level 9.2 Armour
 + Level 9.2 Shields


You had 10 spell levels left.
You didn't know any spells.
Your spell library contained the following spells:

 Spells                   Type           Power      Damage    Failure   Level
 Sandblast                Erth           0%         2d4       100%        1
 Sting                    Tmut/Pois      0%         1d3       100%        1
 Passwall                 Tmut/Erth      0%         N/A       100%        2
 Poisonous Vapours        Pois/Air       0%         N/A       100%        2
 Hailstorm                Conj/Ice       0%         3d3       100%        3
 Stone Arrow              Conj/Erth      0%         3d7       100%        3
 Brom's Barrelling Bould  Conj/Erth      0%         2d3       100%        4
 Olgreb's Toxic Radiance  Pois           0%         N/A       100%        4
 Summon Ice Beast         Ice/Summ       Unusable   N/A       N/A         4
 Simulacrum               Ice/Necr       Unusable   N/A       N/A         6

Dungeon Overview and Level Annotations

Branches:
Dungeon (12/15)            Temple (1/1) D:4            Lair (0/5) D:8
    Orc: D:9-12

Altars:
Ashenzari
Cheibriados
Dithmenos
Elyvilon
Fedhas
Gozag
Hepliaklqana
Kikubaaqudgha
Makhleb
Nemelex Xobeh
Okawaru
Qazlal
Ru
Sif Muna
Trog
Uskayaw
Vehumet
Wu Jian
Xom
Yredelemnul
Zin
The Shining One

Shops:
D:5 [

Annotations:
D:5 1 runed translucent door, ouz's ghost, novice OpSh


Innate Abilities, Weirdness & Mutations

You have a pair of horns on your head.
You reflexively headbutt those who attack you in melee.


Message History

The white ugly thing is lightly wounded.
You block the white ugly thing's attack.
You slash the white ugly thing!
The white ugly thing is heavily wounded.
The white ugly thing tentacle-slaps you.
The white ugly thing freezes you!
You closely miss the white ugly thing.
The white ugly thing is moderately wounded.
You block the white ugly thing's attack.
You hit the white ugly thing.
Lightning courses through the white ugly thing!
The white ugly thing is severely wounded.
You slash the white ugly thing!
Your headbutt misses the white ugly thing.
The white ugly thing is almost dead.
The white ugly thing tentacle-slaps you.
The white ugly thing freezes you!!
You barely miss the white ugly thing.
The white ugly thing is severely wounded.
The white ugly thing tentacle-slaps you.
The white ugly thing freezes you!!
You hit the white ugly thing.
Your headbutt misses the white ugly thing.
The white ugly thing is almost dead.
You hit the white ugly thing.
The white ugly thing is almost dead.
You block the white ugly thing's attack.
You hit the white ugly thing but do no damage.
The white ugly thing is almost dead.
The white ugly thing closely misses you.
You hit the white ugly thing.
The white ugly thing is almost dead.
The white ugly thing tentacle-slaps you but does no damage.
You barely miss the white ugly thing.
Your headbutt misses the white ugly thing.
The white ugly thing is almost dead.
The white ugly thing tentacle-slaps you!
* * * LOW HITPOINT WARNING * * *
The white ugly thing freezes you!!
You die...

+###### ###+##
....... ###....#
.......###u@...)#
.......'...#....#
.......#####<...+
....... #....#
.....^. #....#
....... ###+##
....... $......
##+####


You could see a white ugly thing.

Vanquished Creatures
  4 two-headed ogres
  Pikel (D:7)
  Psyche (D:9)
  A gargoyle (D:11)
  A kobold demonologist (D:10)
  A troll (D:11)
  Prince Ribbit (D:7)
  Grinder (D:5)
  2 vampires
  3 wraiths
  8 wyverns
  An acid dragon (D:9)
  2 water moccasins
  Duvessa (D:7)
  5 orc warriors
  2 ice beasts
  4 black bears
  2 ogres
  A wolf (D:8)
  4 centaurs
  A phantom (D:3)
  A small abomination (Abyss:1)
  3 kobold brigands
  6 bullfrogs
  4 lemures (D:7)
  5 scorpions
  2 gnoll sergeants
  8 wights
  Dowan (D:7)
  3 killer bees (D:9)
  3 howler monkeys (D:7)
  2 hounds
  A jelly (D:4)
  5 orc priests
  2 sleepcaps
  3 iguanas
  11 orc wizards
  7 gnolls
  6 adders
  A shadow imp (D:5)
  3 ufetubi (D:5)
  A worm (D:3)
  38 orcs
  6 bats
  5 endoplasms
  6 giant cockroaches
  5 goblins
  12 hobgoblins
  6 jackals
  22 kobolds
  4 quokkas
  6 ball pythons
  4 frilled lizards
  9 rats
248 creatures vanquished.

Notes
Turn   | Place    | Note
-------+----------+-------------------------------------------
     0 | D:1      | BinkBink the Minotaur Fighter began the quest for the Orb.
     0 | D:1      | Reached XP level 1. HP: 19/19 MP: 0/0
    88 | D:1      | Reached skill level 3 in Axes
   106 | D:1      | Reached XP level 2. HP: 24/26 MP: 1/1
   394 | D:1      | Reached skill level 4 in Axes
   916 | D:2      | Reached XP level 3. HP: 31/31 MP: 2/2
  1164 | D:2      | Identified the +2 sling of the Mauling Seer {freeze, rN++
                  | Int-3}
  1236 | D:2      | Reached skill level 5 in Axes
  1525 | D:3      | Reached XP level 4. HP: 35/39 MP: 3/3
  2095 | D:3      | Noticed a phantom
  2099 | D:3      | Killed a phantom
  2100 | D:3      | Reached skill level 6 in Axes
  2100 | D:3      | Reached XP level 5. HP: 41/45 MP: 4/4
  2366 | D:4      | Found a staircase to the Ecumenical Temple.
  2568 | Temple   | Entered the Ecumenical Temple
  2586 | Temple   | Became a worshipper of Warmaster Okawaru
  2714 | D:4      | Noticed an ogre
  2731 | D:4      | Killed an ogre
  2732 | D:4      | Reached skill level 7 in Axes
  2732 | D:4      | Reached XP level 6. HP: 18/51 MP: 5/5
  3042 | D:4      | Reached skill level 8 in Axes
  3059 | D:4      | Reached * piety under Okawaru
  3078 | D:4      | Reached skill level 9 in Axes
  3340 | D:4      | Reached XP level 7. HP: 50/57 MP: 6/6
  3593 | D:5      | Entered Level 5 of the Dungeon
  3614 | D:5      | Found a white marble altar of Elyvilon.
  3623 | D:5      | Noticed Grinder
  3635 | D:5      | Killed Grinder
  3636 | D:5      | Reached skill level 10 in Axes
  3715 | D:5      | Found Fayttuex's Antique Armour Shoppe.
  3800 | D:5      | Reached skill level 11 in Axes
  3856 | D:5      | Reached XP level 8. HP: 35/64 MP: 3/7
  4017 | D:5      | Found a runed translucent door.
  4017 | D:5      | Noticed ouz's ghost (novice OpSh)
  4394 | D:5      | Reached ** piety under Okawaru
  4517 | D:5      | Reached skill level 12 in Axes
  5063 | D:6      | Reached skill level 13 in Axes
  5751 | D:6      | Reached *** piety under Okawaru
  5752 | D:6      | Reached skill level 14 in Axes
  5752 | D:6      | Reached XP level 9. HP: 68/70 MP: 6/8
  6123 | D:7      | Found a radiant altar of Vehumet.
  6126 | D:7      | Found an ancient bone altar of Kikubaaqudgha.
  6133 | D:7      | Found a blossoming altar of Fedhas.
  6136 | D:7      | Found a bloodstained altar of Trog.
  6139 | D:7      | Found a stormy altar of Qazlal.
  6144 | D:7      | Found a hide-covered altar of Uskayaw.
  6565 | D:7      | Noticed Prince Ribbit
  6576 | D:7      | Reached skill level 15 in Axes
  6600 | D:7      | Killed Prince Ribbit
  6718 | D:7      | Noticed Pikel
  6728 | D:7      | Killed Pikel
  6728 | D:7      | Reached **** piety under Okawaru
  6729 | D:7      | Reached skill level 16 in Axes
  6859 | D:7      | Noticed Duvessa
  6859 | D:7      | Noticed Dowan
  6874 | D:7      | Killed Duvessa
  6878 | D:7      | Killed Dowan
  7305 | D:8      | Reached XP level 10. HP: 23/80 MP: 2/9
  7306 | D:8      | HP: 4/80 [orc warrior/+0 dire flail (14)]
  7312 | D:8      | HP: 3/80 [wight/+3 falchion (2)]
  7327 | D:7      | Reached ***** piety under Okawaru
  7328 | D:7      | Reached skill level 5 in Fighting
  7328 | D:7      | Reached skill level 5 in Armour
  7328 | D:7      | Reached skill level 5 in Shields
  8167 | D:8      | Found a staircase to the Lair.
  8426 | D:8      | Received a gift from Okawaru
  8955 | D:9      | Noticed Psyche
  9469 | D:9      | Found a shimmering blue altar of Sif Muna.
  9537 | Abyss:1  | Cast into level 1 of the Abyss (Psyche)
  9608 | D:9      | Escaped the Abyss
  9621 | D:9      | Killed Psyche
  9885 | D:10     | Entered Level 10 of the Dungeon
  9910 | D:10     | Noticed a rust devil
 10017 | D:10     | Found a glowing silver altar of Zin.
 10314 | D:10     | Identified the +7 war axe "Ywkaef Lorue" {heavy, rPois rF+}
 10319 | D:10     | Reached XP level 11. HP: 50/94 MP: 4/10
 10573 | D:10     | Noticed a two-headed ogre
 10580 | D:10     | Killed a two-headed ogre
 10864 | D:11     | Noticed a two-headed ogre
 10892 | D:11     | Killed a two-headed ogre
 11523 | D:11     | Noticed a two-headed ogre
 11531 | D:11     | Noticed a two-headed ogre
 11542 | D:11     | Killed a two-headed ogre
 11542 | D:11     | Received a gift from Okawaru
 11555 | D:11     | Killed a two-headed ogre
 12098 | D:12     | Noticed a white ugly thing
 12118 | D:12     | Slain by a white ugly thing

Illustrated notes

Levels and vault maps discovered:
D:1:      onia_arrival_pentagram, layout_loops_ring, minmay_misc_feat_roman,
          wad_woods_river_04
D:2:      layout_basic
D:3:      layout_loops_ring, fountainhead
D:4:      layout_basic, temple_fountains
D:5:      layout_gridville, overflow_temple_1_default, serial_shops, shop,
          hellmonk_ghost_happy_afterlife, uniq_grinder
D:6:      layout_basic
D:7:      layout_basic, nicolae_overflow_hallway_of_the_gods, serial_glass,
          glass_columns_b, glass_columns_a, uniq_prince_ribbit1, uniq_duvessa,
          uniq_pikel
D:8:      layout_cave_pools, minmay_lair_entry_grove, minmay_stone_trees_large
D:9:      layout_basic, mainiacjoe_overflow_alcove_2, uniq_psyche
D:10:     layout_roguey, mainiacjoe_overflow_alcove_4
D:11:     layout_irregular_city
D:12:     layout_roguey, david_orc_5, serial_shops, shop_fountains,
          nicolae_shop_hallway_stairs, nicolae_shop_advertising_works
          [nicolae_subvault_shop_adworks], shop, shop, uniq_nergalle
Temple:   compressed_dpeg_triangle_lava_temple

Skill      XL: |  1  2  3  4  5  6  7  8  9 10 11 |
---------------+----------------------------------+-----
Axes           | 3 4 5 6 7 9 11 14 16 | 16.0
Fighting       | 4 8 9 |  9.3
Armour         | 4 8 9 |  9.2
Shields        | 4 7 9 |  9.2

Action                     |  1- 3 |  4- 6 |  7- 9 | 10-12 || total
---------------------------+-------+-------+-------+-------++-------
  Melee: War axe           |   101 |   109 |   283 |   262 ||   755
         Headbutt          |    11 |    12 |    48 |    41 ||   112
    Use: Potion            |       |       |     1 |     4 ||     5
 Armour: Scale mail        |    69 |       |       |       ||    69
         Plate armour      |     2 |    77 |   241 |   212 ||   532
  Dodge: Dodged            |    52 |    25 |    64 |    51 ||   192
  Block: Buckler           |    16 |    21 |    40 |       ||    77
         Kite shield       |       |       |    25 |   103 ||   128

Table legend: (Time is in decaauts)
 A = Elapsed time spent in this place.
 B = Non-inter-level travel time spent in this place.
 C = Inter-level travel time spent in this place.
 D = Time resting spent in this place.
 E = Time spent auto-exploring this place.
 F = Levels seen in this place.
 G = Mean time per level.
                   A        B        C        D        E       F      G
               +--------+--------+--------+--------+--------+-----+--------+
         Total |  12099 |  11549 |    550 |   1779 |   8148 |  14 |  864.2 |
       Dungeon |  12000 |  11475 |    525 |   1779 |   8091 |  12 | 1000.0 |
        Temple |     27 |      2 |     25 |      0 |      0 |   1 |   27.0 |
         Abyss |     70 |     70 |      0 |      0 |     57 |   1 |   70.0 |
               +--------+--------+--------+--------+--------+-----+--------+

Top non-repeatable levels by time:
     D:7: 1458 daAuts
    D:11: 1404 daAuts
     D:4: 1296 daAuts
     D:9: 1235 daAuts
     D:6: 1221 daAuts
     D:5: 1135 daAuts
     D:8: 1086 daAuts
     D:1: 853 daAuts
     D:3: 806 daAuts
    D:10: 795 daAuts
     D:2: 681 daAuts
 Abyss:1: 70 daAuts
  Temple: 27 daAuts
    D:12: 26 daAuts
